 Dungeon Crawl Stone Soup version 0.29.1-2-gbd0b4ee654 (webtiles) character file.

Game seed: 2778856129246902120

53 styxcanada the Sneak (level 3, -4/18 HPs)
             Began as a Spriggan Brigand on Nov 8, 2022.
             Killed from afar by Sigmund (7 damage)
             ... with a puff of flame
             ... on level 2 of the Dungeon.
             The game lasted 00:07:15 (2245 turns).

styxcanada the Sneak (Spriggan Brigand)             Turns: 2245, Time: 00:07:16

Health: -4/18      AC:  3    Str:  7    XL:     3   Next: 64%
Magic:  4/4        EV: 17    Int: 12    God:
Gold:   102        SH:  0    Dex: 18    Spells: 2/2 levels left

rFire   . . .      SeeInvis +   a - +3 dagger
rCold   . . .      Faith    .   (no shield)
rNeg    . . .      Spirit   .   b - +0 robe
rPois   .          Reflect  .   (helmet restricted)
rElec   .          Harm     .   c - +0 cloak
rCorr   .          Rampage  .   (gloves unavailable)
Will    .....                   (boots unavailable)
Stlth   ++++......              (no amulet)
HPRegen 0.06/turn               j - ring of flight
MPRegen 0.09/turn               (no ring)

@: flying, very quick
A: very small, no large weapons, unfitting armour, see invisible, speed 3
a: no special abilities


You were on level 2 of the Dungeon.
You visited 1 branch of the dungeon, and saw 2 of its levels.

You collected 102 gold pieces.

Inventory:

Hand Weapons
 a - a +3 dagger (weapon)
Missiles
 e - a curare-tipped dart (quivered)
 i - 20 stones
Armour
 b - a +0 robe (worn)
 c - a +0 cloak (worn)
Jewellery
 j - a ring of flight (left hand)
Scrolls
 f - 2 scrolls of magic mapping {unknown}
 k - a scroll of summoning


   Skills:
 + Level 1.7 Fighting
 + Level 2.8 Short Blades
 + Level 2.3 Throwing
 + Level 1.8 Dodging
 + Level 7.1 Stealth


You had 2 spell levels left.
You didn't know any spells.
Your spell library was empty.

Dungeon Overview and Level Annotations

Branches:
Dungeon (2/15)

Altars:

Shops:
D:2 [

Annotations:
D:2 Sigmund


Innate Abilities, Weirdness & Mutations

You are very small and have problems with some larger weapons.
You are too small for most types of armour.
You have supernaturally acute eyesight. (SInv)
You cover ground extremely quickly. (Speed+++)


Message History

The poisoned dart closely misses Sigmund.
Throw: 3 darts (poison)
Press: ? - help, Q - select action, (/) - cycle Shift-Dir - straight line, f/p - Sigmund
Aim: Sigmund, wielding a +0 scythe, wearing a +0 robe and carrying a wand of quicksilver (7) (lightly wounded, slightly transparent, 58% to hit)
You throw a poisoned dart.
The poisoned dart closely misses the hobgoblin.
The poisoned dart hits the hobgoblin.
The hobgoblin is poisoned.
The hobgoblin is severely wounded.
You kill the hobgoblin!
Throw: 2 darts (poison)
Press: ? - help, Q - select action, (/) - cycle Shift-Dir - straight line, f/p - Sigmund
Aim: Sigmund, wielding a +0 scythe, wearing a +0 robe and carrying a wand of quicksilver (7) (lightly wounded, slightly transparent, 58% to hit)
You throw a poisoned dart. The poisoned dart hits the hobgoblin.
The hobgoblin is moderately wounded.
You feel a bit more experienced.
Throw: dart (poison)
Press: ? - help, Q - select action, (/) - cycle Shift-Dir - straight line, f/p - Sigmund
Aim: Sigmund, wielding a +0 scythe, wearing a +0 robe and carrying a wand of quicksilver (7) (lightly wounded, slightly transparent, 58% to hit)
You throw a poisoned dart. The poisoned dart hits Sigmund.
Sigmund is poisoned.
Sigmund is lightly wounded.
Sigmund zaps a wand.
The bolt of dispelling energy hits you!
Ouch! That really hurt!
* * * LOW HITPOINT WARNING * * *
Throw: 3 darts (curare)
Press: ? - help, Q - select action, (/) - cycle Shift-Dir - straight line, f/p - Sigmund
Aim: Sigmund, wielding a +0 scythe, wearing a +0 robe and carrying a wand of quicksilver (6) (lightly wounded, slightly transparent, poisoned, 58% to hit)
You throw a curare-tipped dart.
The curare-tipped dart barely misses Sigmund.
You start resting.
Sigmund is nearby!
Throw: 2 darts (curare)
Press: ? - help, Q - select action, (/) - cycle Shift-Dir - straight line, f/p - Sigmund
Aim: Sigmund, wielding a +0 scythe, wearing a +0 robe and carrying a wand of quicksilver (6) (lightly wounded, slightly transparent, poisoned, 58% to hit)
You throw a curare-tipped dart. The curare-tipped dart hits Sigmund.
Sigmund looks even sicker.
Sigmund convulses.
Sigmund seems to slow down.
Sigmund is moderately wounded.
Sigmund gestures at you while chanting. The puff of flame hits you!
You die...

#.#.###+#+#### #.#.
#####.#.##.......# #.#.
#...#.#.##.......# #.#.
#.#.#.#..........# #...
####.#.#.#.......###########.
#......#.#.####............#. ###
#.##.#..<#.# #.##########.#.
..###.##.#.#.#.####.##########.#.
....(.@..@......@................
.(###.##.#.#.#.####.##########.#.
..# #.##.#.#.#.# #.##########+#.
.(# #.##.#.#.#.# #..............
..# #.##.#.#.#.# #..............
.@# #.##.#.#.#.####..........)...
..# #.##...#.#....'..............
#.###.###..#.######..............
#(#...# #..#......'..............


You could see Sigmund (invisible, very poisoned, slow).

Vanquished Creatures
  A worm (D:2)
  4 bats
  4 endoplasms (D:2)
  A giant cockroach (D:1)
  7 goblins
  4 hobgoblins
  6 jackals (D:1)
  4 kobolds
  3 ball pythons (D:1)
  3 frilled lizards
  8 rats
45 creatures vanquished.

Notes
Turn   | Place    | Note
-------+----------+-------------------------------------------
     0 | D:1      | styxcanada the Spriggan Brigand began the quest for the
                  | Orb.
     0 | D:1      | Reached XP level 1. HP: 10/10 MP: 2/2
    16 | D:1      | Reached skill level 6 in Stealth
   293 | D:1      | Reached XP level 2. HP: 14/14 MP: 3/3
  1014 | D:1      | Reached XP level 3. HP: 18/18 MP: 4/4
  1607 | D:2      | Found Lierunas's Antique Armour Boutique.
  1859 | D:2      | Reached skill level 7 in Stealth
  2197 | D:2      | Noticed Sigmund
  2245 | D:2      | Killed from afar by Sigmund

Illustrated notes

Levels and vault maps discovered:
D:1:      dpeg_arrival_boxorama, layout_loops_ring, patterned_corridor
D:2:      layout_basic, serial_shops, nicolae_shop_advertising_works
          [nicolae_subvault_shop_adworks], ebering_ecumenical_altar_abandoned,
          guppyfry_early_orc_mine, uniq_sigmund

Skill      XL: |  1  2  3 |
---------------+----------+-----
Stealth        | 6 7 |  7.1
Fighting       | |  1.7
Short Blades   | |  2.8
Throwing       | |  2.3
Dodging        | |  1.8

Action                   || total
-------------------------++-------
Melee: Dagger            ||    87
Throw: Dart              ||    26
  Use: Scroll            ||     4
 Stab: Sleeping          ||    12
       Distracted        ||     1
Armor: Robe              ||    12
Dodge: Dodged            ||    34
